 Dungeon Crawl Stone Soup version 0.26-a0-1058-g8dc6ce00ff (webtiles) character file.

Game seed: 10013095678657127284

901 Conn the Firebug (level 7, -6/37 HPs)
             Began as a Deep Elf Fire Elementalist on Dec 13, 2020.
             Was an Initiate of Sif Muna.
             Shot with an arrow by a centaur (12 damage)
             ... on level 6 of the Dungeon.
             The game lasted 00:10:16 (6045 turns).

Conn the Firebug (Deep Elf Fire Elementalist)       Turns: 6045, Time: 00:10:16

Health: -6/37      AC:  3    Str:  5    XL:     7   Next: 80%
Magic:  14/18      EV: 13    Int: 22    God:    Sif Muna [......]
Gold:   276        SH:  0    Dex: 15    Spells: 7/18 levels left

rFire    . . .     SeeInvis .   o - +0 short sword
rCold    . . .     Faith    .   (no shield)
rNeg     . . .     Spirit   .   a - +0 robe
rPois    .         Reflect  .   (no helmet)
rElec    .         Harm     .   (no cloak)
rCorr    .         Rampage  .   (no gloves)
Will     .....                  j - +0 pair of boots
Stlth    +++.......             C - amulet of regeneration
HPRegen  0.52/turn              d - ring of wizardry
MPRegen  0.16/turn              (no ring)

@: lethally poisoned (-6 -> -6)
A: no striking features
a: Renounce Religion


You were on level 6 of the Dungeon.
You worshipped Sif Muna.
Sif Muna was noncommittal.
You visited 2 branches of the dungeon, and saw 7 of its levels.
You also visited: Sewer.

You collected 276 gold pieces.

Inventory:

Hand Weapons
 g - a +0 dagger
 o - a +0 short sword (weapon)
 s - a cursed -3 great sword
 y - a +1 flail of protection
Missiles
 f - 32 poisoned darts
 v - 8 curare-tipped darts (quivered)
Armour
 a - a +0 robe (worn)
 j - a +0 pair of boots (worn)
 p - a +0 buckler
Jewellery
 d - a ring of wizardry (left hand)
 C - an amulet of regeneration (around neck)
Scrolls
 b - a scroll of amnesia
 h - 4 scrolls of identify
 l - 2 scrolls of fog
 n - a scroll of remove curse
 u - a scroll of teleportation {unknown}
 A - a scroll of enchant armour {unknown}
Potions
 c - 2 potions of brilliance
 e - a potion of might
 k - 3 potions of curing {unknown}
 q - 2 potions of flight {unknown}
 t - 2 potions of lignification {unknown}
 w - 2 potions of degeneration {unknown}
 x - 2 potions of attraction {unknown}
 z - a potion of berserk rage {unknown}
 B - 3 potions of haste {unknown}


   Skills:
 + Level 0.5 Fighting
 + Level 0.4 Short Blades
 + Level 3.3 Dodging
 + Level 3.7 Stealth
 * Level 2.2 Shields
 + Level 6.0 Spellcasting
 * Level 4.7 Conjurations
 * Level 6.2 Fire Magic


You had 7 spell levels left.
You knew the following spells:

 Your Spells              Type           Power        Failure   Level
a - Foxfire               Conj/Fire      ####         1%          1
b - Conjure Flame         Conj/Fire      ####....     1%          3
c - Inner Flame           Hex/Fire       ###.....     3%          3
d - Sticky Flame          Conj/Fire      ####....     4%          4

Your spell library contained the following spells:

 Spells                   Type           Power        Failure   Level
 Fireball                 Conj/Fire      ####......   11%         5


Dungeon Overview and Level Annotations

Branches:
Dungeon (6/15)             Temple (1/1) D:4           Sewer (visited)

Altars:
Dithmenos
Elyvilon
Fedhas
Gozag
Makhleb
Qazlal
Sif Muna
Trog
Wu Jian
Xom
Yredelemnul
Zin
The Shining One

Shops:
D:5 *


Message History

Beogh smites you!
* * * LOW HITPOINT WARNING * * *
Found 9 gold pieces.
You feel much better. The scorpion stings you.
You are poisoned.
The scorpion poisons you!
You feel sick.
Found an escape hatch in the ceiling.
You feel sick. The bullfrog hits you.
You see here a trident.
The bullfrog hits you!
* * * LOW HITPOINT WARNING * * *
The orc wizard casts a spell.
The orc wizard blinks!
Found a scroll of remove curse.
You feel sick.
The centaur shouts!
The centaur wields a +0 shortbow.
The centaur shoots an arrow.
The arrow hits you!
You die...

###..##............§.......
# ##..#.#....#.......#†....
##......................
######..#...####o........
###..# #####.#.# #o........
.....# #.##.##.#.......
#<<..# #.# #.s.........
###..# ##.###F.........
.....## #....@..........
......#####.####..........
..###..#.# ........c.. .##
##..## ......$..... ## #..#
#..#<........ # ##.##
#.......#... # ##.##
#.?......#.. ##.## #..
##.#.# ##.##


You could see an orc warrior, a bullfrog, a centaur, a scorpion and an orc.

Vanquished Creatures
  Edmund (D:4)
  A phantom (D:6)
  A big kobold (Sewer)
  2 scorpions
  2 orc priests
  2 iguanas
  Terence (D:2)
  3 orc wizards (D:5)
  3 worker ants
  2 hound skeletons (D:5)
  3 gnolls (D:6)
  4 adders
  2 river rats
  A white imp (D:5)
  An ufetubus (D:6)
  2 oozes
  4 worms
  2 dart slugs
  3 leopard geckos
  9 orcs
  4 bats
  A giant cockroach (D:3)
  8 hobgoblins
  14 jackals
  2 quokkas
  3 ball pythons (D:3)
  7 frilled lizards
  7 goblins
  10 kobolds
  15 rats
120 creatures vanquished.

Vanquished Creatures (others)
  405 foxfires
405 creatures vanquished.

Grand Total: 525 creatures vanquished

Notes
Turn   | Place    | Note
-------+----------+-------------------------------------------
     0 | D:1      | Conn the Deep Elf Fire Elementalist began the quest for the
                  | Orb.
     0 | D:1      | Reached XP level 1. HP: 10/10 MP: 6/6
   200 | D:1      | Reached XP level 2. HP: 15/15 MP: 5/8
  1078 | D:2      | Found a white marble altar of Elyvilon.
  1184 | D:2      | Reached XP level 3. HP: 19/19 MP: 6/10
  1844 | D:2      | Noticed Terence
  1854 | D:2      | Killed Terence
  1855 | D:2      | Reached XP level 4. HP: 24/24 MP: 7/12
  2315 | D:2      | Learned a level 3 spell: Conjure Flame
  2319 | D:2      | Learned a level 3 spell: Inner Flame
  2324 | D:2      | Learned a level 4 spell: Sticky Flame
  2707 | D:3      | Found a glowing golden altar of the Shining One.
  2731 | D:3      | Reached XP level 5. HP: 28/28 MP: 6/13
  2790 | D:3      | Found a glowing drain.
  2848 | Sewer    | Entered a sewer
  3104 | Sewer    | Reached skill level 5 in Fire Magic
  3151 | Sewer    | Found a glowing silver altar of Zin.
  3443 | D:3      | Reached XP level 6. HP: 32/32 MP: 13/15
  3588 | D:3      | Reached skill level 1 in Shields
  3926 | D:4      | Noticed Edmund
  3943 | D:4      | Killed Edmund
  3944 | D:4      | Reached skill level 5 in Spellcasting
  4388 | D:4      | Found a staircase to the Ecumenical Temple.
  4413 | Temple   | Entered the Ecumenical Temple
  4434 | Temple   | Became a worshipper of Sif Muna the Loreminder
  4649 | D:4      | Reached XP level 7. HP: 24/37 MP: 12/17
  4836 | D:4      | Found a bloodstained altar of Trog.
  4902 | D:5      | Entered Level 5 of the Dungeon
  5511 | D:5      | Found Zugyle's Lightly-Used Armoury.
  6045 | D:6      | Shot with an arrow by a centaur

Illustrated notes

Levels and vault maps discovered:
D:1:      doesnt_arrival_eight_statues, layout_basic,
          minmay_misc_feat_nine_boxes, minivault_25
D:2:      layout_loops_corners, lemuel_doored_altar, kennysheep_donut,
          uniq_terence
D:3:      layout_loops_ring, portal_sewer_entry_e, tso_metal_star
D:4:      layout_rooms, marbit_many_paths, minmay_temple_entry_trees,
          uniq_edmund
D:5:      layout_rooms, serial_glass, glass_columns_a, glass_columns_a,
          glass_columns_c, glass_columns_a, glass_columns_a, glass_columns_b,
          glass_columns_a, glass_columns_b, glass_columns_b, glass_columns_b,
          minmay_shop_damaged, amethyst_killhole
D:6:      layout_layer_cave, kennysheep_mini_moat,
          nicolae_ossuary_entry_catacombs, serial_shops, shop,
          makhleb_altar_promises_db
Temple:   compressed_dpeg_circular_temple

Skill      XL: |  1  2  3  4  5  6  7 |
---------------+----------------------+-----
Fire Magic     | 4 5 6 |  6.2
Spellcasting   | 4 5 6 |  6.0
Conjurations   | 2 3 4 |  4.7
Stealth        | 3 |  3.7
Shields        | 1 2 |  2.2
Dodging        | 3 |  3.3
Fighting       | |  0.5
Short Blades   | |  0.4

Action                   |  1- 3 |  4- 6 |  7- 9 || total
-------------------------+-------+-------+-------++-------
Melee: Unarmed           |     3 |       |       ||     3
       Dagger            |       |     9 |       ||     9
       Short sword       |       |     6 |       ||     6
 Cast: Foxfire           |    71 |   100 |    68 ||   239
       Sticky Flame      |       |     5 |       ||     5
  Use: Scroll            |       |       |     6 ||     6
       Potion            |       |       |     3 ||     3
 Stab: Sleeping          |       |     5 |       ||     5
Armor: Robe              |     2 |    16 |     7 ||    25
Dodge: Dodged            |    13 |    51 |    13 ||    77

Table legend: (Time is in decaauts)
 A = Elapsed time spent in this place.
 B = Non-inter-level travel time spent in this place.
 C = Inter-level travel time spent in this place.
 D = Time resting spent in this place.
 E = Time spent auto-exploring this place.
 F = Levels seen in this place.
 G = Mean time per level.
                   A        B        C        D        E       F      G
               +--------+--------+--------+--------+--------+-----+--------+
         Total |   6099 |   5927 |    172 |    652 |   3718 |   8 |  762.4 |
       Dungeon |   5598 |   5426 |    172 |    455 |   3627 |   6 |  933.0 |
        Temple |     32 |     32 |      0 |      0 |      0 |   1 |   32.0 |
         Sewer |    468 |    468 |      0 |    197 |     90 |   1 |  468.0 |
               +--------+--------+--------+--------+--------+-----+--------+

Top non-repeatable levels by time:
     D:2: 1393 daAuts
     D:3: 1095 daAuts
     D:1: 991 daAuts
     D:4: 975 daAuts
     D:5: 880 daAuts
   Sewer: 468 daAuts
     D:6: 261 daAuts
  Temple: 32 daAuts
